 Dungeon Crawl Stone Soup version 0.28.0-53-g5a82cb258f (webtiles) character file.

Game seed: 8959055514964817434

2540 jjjjhere the Severer (level 9, -1/89 HPs)
             Began as a Hill Orc Cinder Acolyte on Aug 13, 2022.
             Was a Follower of Elyvilon.
             Slain by a fire elemental (7 damage)
             ... created by the fiery vengeance of Ignis
             ... on level 5 of the Dungeon.
             The game lasted 00:08:02 (6199 turns).

jjjjhere the Severer (Hill Orc Cinder Acolyte)      Turns: 6199, Time: 00:08:02

Health: -1/89      AC:  8    Str: 19    XL:     9   Next: 55%
Magic:  10/10      EV:  9    Int: 14    God:    Elyvilon [*.....]
Gold:   268        SH:  0    Dex:  8    Spells: 10/10 levels left

rFire   . . .      SeeInvis .   a - -1 hand axe (flame)
rCold   . . .      Faith    .   (no shield)
rNeg    . . .      Spirit   .   l - +0 scale mail
rPois   .          Reflect  .   o - +1 helmet
rElec   .          Harm     .   (no cloak)
rCorr   .          Rampage  .   (no gloves)
Will    .....                   (no boots)
Stlth   ..........              (no amulet)
HPRegen 0.24/turn               (no ring)
MPRegen 0.12/turn               (no ring)

@: hasted, fire susceptible, very quick
A: no striking features
a: Renounce Religion, Purification


You were on level 5 of the Dungeon.
You worshipped Elyvilon.
Elyvilon was aware of your devotion.
You visited 1 branch of the dungeon, and saw 6 of its levels.

You collected 268 gold pieces.

Inventory:

Hand Weapons
 a - a -1 hand axe of flaming (weapon)
 p - the +8 rapier "Beshuac" {drain, Str+3}
   (You found it on level 3 of the Dungeon)

   A truly terrible weapon, it drains the life of any living foe it strikes.
   Str:       It affects your strength (+3).
   Elyvilon disapproves of the use of such an item.
Missiles
 g - an atropa-tipped dart (quivered)
Armour
 b - a +0 robe
 l - a +0 scale mail (worn)
 o - a +1 helmet (worn)
Jewellery
 c - an amulet of guardian spirit
Wands
 j - a wand of polymorph (3)
Scrolls
 i - a scroll of identify
Potions
 d - a potion of ambrosia
 e - 2 potions of curing
 h - a potion of cancellation
 n - a potion of attraction
 r - a potion of might {unknown}
 s - a potion of invisibility {unknown}
 t - a potion of degeneration {unknown}


   Skills:
 + Level 11.4 Fighting
 * Level 16.6 Axes
 - Level 1.0 Spellcasting
 - Level 3.2 Fire Magic


You had 10 spell levels left.
You didn't know any spells.
Your spell library contained the following spells:

 Spells                   Type           Power      Damage    Failure   Level
 Scorch                   Fire           18%        2d6       32%         2
 Slow                     Hex            0%         N/A       63%         1
 Confusing Touch          Hex            0%         N/A       94%         3
 Vampiric Draining        Necr           0%         2d6       94%         3
 Fulminant Prism          Conj/Hex       0%         3d6       100%        4
 Iskenderun's Mystic Bla  Conj/Tloc      0%         2d3       100%        4
 Lee's Rapid Deconstruct  Erth           0%         3d5*      100%        5


Dungeon Overview and Level Annotations

Branches:
Dungeon (6/15)
 Temple: D:4-7

Altars:
Elyvilon


Message History

Okay, then.
You feel much better. The fire elemental barely misses you.
The fire elemental closely misses you. The fire elemental hits you.
The fire elemental burns you!
It was a potion of cancellation.
You feel magically purged. The fire elemental barely misses you.
The fire elemental hits you. The fire elemental burns you!
It was a potion of experience.
You feel more experienced!
Your Fighting skill gained 4 levels and is now at level 11!
Your Axes skill gained 5 levels and is now at level 16!
You have reached level 9!
Your experience leads to an increase in your attributes!
Increase (S)trength, (I)ntelligence, or (D)exterity?
You feel stronger. x2
The fire elemental barely misses you. The fire elemental hits you.
The fire elemental burns you!
* * * LOW HITPOINT WARNING * * *
The fire elemental hits you.
* * * LOW HITPOINT WARNING * * *
The fire elemental burns you!
* * * LOW HITPOINT WARNING * * *
You feel much better. The fire elemental hits you.
The fire elemental burns you!
* * * LOW HITPOINT WARNING * * *
The fire elemental hits you. The fire elemental burns you!
* * * LOW HITPOINT WARNING * * *
You feel much better. The fire elemental hits you.
The fire elemental burns you!
* * * LOW HITPOINT WARNING * * *
The fire elemental hits you. The fire elemental burns you!
* * * LOW HITPOINT WARNING * * *
The fire elemental hits you. The fire elemental burns you!
* * * LOW HITPOINT WARNING * * *
Okay, then.
The fire elemental hits you. The fire elemental burns you!
Elyvilon protects you from harm!
It was a potion of haste.
You feel yourself speed up. The fire elemental hits you.
The fire elemental burns you!
You die...

#..# #..## # ##.## #...# ##
##..# #...# .## #..## #...#
..## ##..# ### ##..# #..##
##..## #.# #..# ##..### #...#
#.## #..## ##...###..## #..##
####...#
##..#.....#####@..####.....##
#...####....☼EEE.......###.#
##..## ##....☼○....##### #.#
#..## #..........## ### #..#
#...........# ..##
##........### .## #........#
.# ##.......## .## #........#


You could see 3 fire elementals.

Vanquished Creatures
  Grinder (D:5)
  An ogre (D:4)
  A centaur (D:6)
  3 bullfrogs (D:6)
  A scorpion (D:5)
  A water moccasin skeleton (D:5)
  2 howler monkeys (D:5)
  A bullfrog zombie (D:5)
  A gnoll shaman (D:6)
  A hound (D:5)
  A jelly (D:6)
  Ijyb (D:2)
  Natasha (thrice) (D:4)
  2 iguanas (D:5)
  A scorpion zombie (D:5)
  2 hound zombies (D:5)
  10 gnolls
  2 adders (D:3)
  A worm (D:3)
  2 dart slugs (D:2)
  3 orcs (D:3)
  4 bats
  3 endoplasms
  2 giant cockroaches
  15 goblins
  6 hobgoblins
  18 jackals
  4 ball pythons
  3 frilled lizards
  4 kobolds
  7 rats
107 creatures vanquished.

Vanquished Creatures (others)
  102 foxfires
  2 plants (D:5)
104 creatures vanquished.

Grand Total: 211 creatures vanquished

Notes
Turn   | Place    | Note
-------+----------+-------------------------------------------
     0 | D:1      | jjjjhere the Hill Orc Cinder Acolyte began the quest for
                  | the Orb.
     0 | D:1      | Reached XP level 1. HP: 19/19 MP: 2/2
    49 | D:1      | HP: 5/20 [jackal (2)]
   305 | D:1      | Reached XP level 2. HP: 27/27 MP: 3/3
   692 | D:1      | Reached skill level 5 in Axes
   791 | D:1      | Reached XP level 3. HP: 33/33 MP: 4/4
   835 | D:2      | Noticed Ijyb
  1308 | D:2      | Killed Ijyb
  1410 | D:2      | Reached XP level 4. HP: 31/41 MP: 5/5
  1593 | D:2      | Reached skill level 6 in Axes
  1841 | D:2      | Identified the +3 leather armour "Ucleloh" {Int+6}
  2087 | D:2      | Found a faded altar of an unknown god.
  2109 | D:2      | Reached XP level 5. HP: 46/47 MP: 6/6
  2607 | D:3      | Identified the +8 rapier "Beshuac" {drain, Str+3}
  2637 | D:3      | HP: 15/47 [orc/+0 trident (7)]
  3136 | D:3      | Reached skill level 5 in Fighting
  3623 | D:4      | Noticed Natasha
  3633 | D:4      | Killed Natasha
  3634 | D:4      | Reached skill level 7 in Axes
  3671 | D:4      | Noticed Natasha
  3684 | D:4      | Killed Natasha
  3858 | D:4      | Found a white marble altar of Elyvilon.
  3893 | D:4      | Noticed an ogre
  3895 | D:4      | Noticed Natasha
  3907 | D:4      | Killed an ogre
  3908 | D:4      | Reached XP level 6. HP: 19/56 MP: 7/7
  3909 | D:4      | Killed Natasha
  3910 | D:4      | Reached skill level 8 in Axes
  4370 | D:4      | You fall into a shaft and drop 2 floors!
  4388 | D:6      | Reached XP level 7. HP: 63/63 MP: 8/8
  4440 | D:6      | Reached skill level 9 in Axes
  4834 | D:5      | Entered Level 5 of the Dungeon
  4891 | D:5      | Noticed Grinder
  4897 | D:5      | Paralysed by Grinder for 5 turns
  4907 | D:5      | Killed Grinder
  4908 | D:5      | Reached skill level 10 in Axes
  4908 | D:5      | Reached XP level 8. HP: 33/73 MP: 9/9
  5290 | D:4      | Fell from the grace of Ignis
  5290 | D:4      | Became a worshipper of Elyvilon the Healer
  5652 | D:5      | Reached skill level 11 in Axes
  6155 | D:5      | Reached * piety under Elyvilon
  6191 | D:5      | HP: 18/74 [fire elemental[the fiery vengeance of Ignis]
                  | (8)]
  6195 | D:5      | Reached skill level 16 in Axes
  6195 | D:5      | Reached XP level 9. HP: 31/89 MP: 10/10
  6196 | D:5      | HP: 17/89 [fire elemental[the fiery vengeance of Ignis]
                  | (11)]
  6196 | D:5      | HP: 4/89 [fire elemental[the fiery vengeance of Ignis]
                  | (13)]
  6198 | D:5      | Elyvilon protects you from harm!
  6199 | D:5      | Slain by a fire elemental

Illustrated notes

Levels and vault maps discovered:
D:1:      dpeg_arrival_ternary, layout_rooms
D:2:      kennysheep_the_goblin_king, layout_basic,
          chequers_ecumenical_altar_simple_redux
D:3:      layout_rooms, minmay_misc_feat_iff
D:4:      layout_basic, nicolae_elyvilon_peaceful_grove, uniq_ijyb, uniq_natasha
D:5:      lemuel_castle_with_subvaults [lemuel_castle_interior_carwin_3],
          layout_cave_pods, uniq_grinder
D:6:      layout_gridville

Skill      XL: |  1  2  3  4  5  6  7  8 |
---------------+-------------------------+-----
Fighting       | 4 5 6 7 11 | 11.4
Axes           | 5 6 7 8 10 16 | 16.6
Spellcasting   | |  1.0
Fire Magic     | |  3.2

Action                   |  1- 3 |  4- 6 |  7- 9 || total
-------------------------+-------+-------+-------++-------
Melee: Hand axe          |    73 |   152 |   146 ||   371
       Unarmed           |     7 |       |       ||     7
       Punch             |     1 |     2 |     3 ||     6
Throw: Dart              |       |     1 |     5 ||     6
Invok: Fiery Armour      |     2 |       |       ||     2
       Foxfire Swarm     |     1 |     3 |     3 ||     7
Evoke: Wand              |       |     1 |       ||     1
  Use: Scroll            |       |     8 |       ||     8
       Potion            |       |       |     6 ||     6
Armor: Robe              |    22 |       |       ||    22
       Scale mail        |     1 |    60 |    81 ||   142
Dodge: Dodged            |    61 |    66 |    80 ||   207
